 Dungeon Crawl Stone Soup version 0.30.0-19-g36f170ea60 (webtiles) character file.

Game seed: 5442583480235589854

228 PaiMei the Digger (level 6, 0/36 HPs)
             Began as a Gargoyle Earth Elementalist on May 30, 2023.
             Slain by Duvessa
             ... wielding a +0 rapier
              (7 damage)
             ... on level 4 of the Dungeon.
             The game lasted 00:08:35 (3141 turns).

PaiMei the Digger (Gargoyle Earth Elementalist)     Turns: 3141, Time: 00:08:36

Health: 0/36       AC: 11    Str: 17    XL:     6   Next: 2%
Magic:  2/10       EV: 11    Int: 18    God:
Gold:   155        SH:  0    Dex: 10    Spells: 10/11 levels left

rFire   . . .        f - +0 mace
rCold   . . .        (no shield)
rNeg    + . .        m - +0 leather armour
rPois   ∞            (no helmet)
rElec   +            x - +2 cloak
rCorr   .            p - +0 pair of gloves
SInv    .            (no boots)
Will    .....        (no amulet)
Stlth   ++           q - ring of wizardry
HPRegen 0.26/turn    a - +6 ring of strength
MPRegen 0.12/turn

%: wizardry (x1)
@: very slightly contaminated
A: sickness immunity, AC +4, negative energy resistance 1, electricity
resistance, torment resistance 1, petrification resistance
a: no special abilities


You were on level 4 of the Dungeon.
You visited 1 branch of the dungeon, and saw 4 of its levels.

You collected 155 gold pieces.

Inventory:

Hand Weapons
 f - a +0 mace (weapon)
Missiles
 d - 43 stones
 u - 4 atropa-tipped darts (quivered)
Armour
 m - a +0 leather armour (worn)
 p - a +0 pair of gloves (worn)
 t - a +0 ring mail
 x - a +2 cloak (worn)
Jewellery
 a - a +6 ring of strength (right hand)
 e - an amulet of faith
 q - a ring of wizardry (left hand)
 w - the ring "Uploprow" {Fly rPois Str+5 Dex-4}
   (You found it on level 4 of the Dungeon)

   [ring of poison resistance]

   Str:       It affects your strength (+5).
   Dex:       It affects your dexterity (-4).
   rPois:     It protects you from poison.
   Fly:       It grants you flight.
Scrolls
 c - a scroll of blinking {unknown}
 h - a scroll of poison {unknown}
 k - a scroll of fear {unknown}
 l - 6 scrolls of identify {unknown}
 n - a scroll of brand weapon {unknown}
 s - 2 scrolls of teleportation {unknown}
 v - a scroll of amnesia {unknown}
Potions
 b - 2 potions of magic
 g - 2 potions of curing {unknown}
 i - a potion of flight {unknown}
 j - 3 potions of might {unknown}
 o - 3 potions of lignification {unknown}
 r - a potion of mutation {unknown}


   Skills:
 + Level 2.6 Fighting
 + Level 2.5 Armour
 - Level 1.7 Dodging
 - Level 2.3 Stealth
 + Level 3.2 Spellcasting
 - Level 1.0 Transmutations
 + Level 5.0 Earth Magic


You had 10 spell levels left.
You knew the following spells:

 Your Spells              Type           Power      Damage    Failure   Level
a - Sandblast             Erth           40%        2d10      1%          1

Your spell library contained the following spells:

 Spells                   Type           Power      Damage    Failure   Level
 Passwall                 Tmut/Erth      10%        N/A       3%          2
 Magic Dart               Conj           8%         1d3       8%          1
 Wereblood                Tmut           6%         N/A       8%          2
 Stone Arrow              Conj/Erth      22%        3d8       9%          3
 Searing Ray              Conj           4%         2d4       12%         2
 Petrify                  Tmut/Erth      13%        N/A       22%         4
 Fulminant Prism          Conj/Hex       1%         3d5       56%         4
 Summon Hydra             Summ           1%         N/A       100%        7
 Sublimation of Blood     Necr           Unusable   N/A       N/A         2

Dungeon Overview and Level Annotations

Branches:
Dungeon (4/15)
 Temple: D:4-7

Altars:

Annotations:
D:4 Dowan, Duvessa


Innate Abilities, Weirdness & Mutations

You are immune to sickness and miasma.
Your stone body is resilient. (AC +4)
You are immune to poison.
You resist negative energy. (rN+)
You are resistant to electric shocks. (rElec)
You are resistant to unholy torment.
You are immune to petrification.


Message History

Duvessa barely misses you.
Casting: Sandblast (safe; 1% risk of failure)
Confirm with . or Enter, or press ? or * to list all spells.
Aiming: Sandblast (safe; 1% risk of failure)
Press: ? - help, Shift-Dir - straight line, f/p - Duvessa
Aim: Duvessa, wielding a +0 rapier and wearing a +0 leather armour (heavily wounded, 85% to hit)
The blast of sand hits Duvessa!
Duvessa is severely wounded.
Duvessa barely misses you. Duvessa hits you with a +0 rapier!
Casting: Sandblast (safe; 1% risk of failure)
Confirm with . or Enter, or press ? or * to list all spells.
Aiming: Sandblast (safe; 1% risk of failure)
Press: ? - help, Shift-Dir - straight line, f/p - Duvessa
Aim: Duvessa, wielding a +0 rapier and wearing a +0 leather armour (severely wounded, 85% to hit)
The blast of sand hits Duvessa but does no damage.
Duvessa is severely wounded.
Duvessa hits you but does no damage.
Casting: Sandblast (safe; 1% risk of failure)
Confirm with . or Enter, or press ? or * to list all spells.
Aiming: Sandblast (safe; 1% risk of failure)
Press: ? - help, Shift-Dir - straight line, f/p - Duvessa
Aim: Duvessa, wielding a +0 rapier and wearing a +0 leather armour (severely wounded, 85% to hit)
The blast of sand hits Duvessa but does no damage.
Duvessa is severely wounded.
Dowan hits you with a +1 dagger of venom.
Duvessa hits you with a +0 rapier!
Dowan gestures wildly while chanting.
Dowan blinks!
Duvessa hits you with a +0 rapier!
* * * LOW HITPOINT WARNING * * *
Casting: Sandblast (safe; 1% risk of failure)
Confirm with . or Enter, or press ? or * to list all spells.
Aiming: Sandblast (safe; 1% risk of failure)
Press: ? - help, Shift-Dir - straight line, f/p - Duvessa
Aim: Duvessa, wielding a +0 rapier and wearing a +0 leather armour (severely wounded, 85% to hit)
You miscast Sandblast.
You are very lightly contaminated with residual magic.
Nothing appears to happen.
The quokka bites you but does no damage.
Duvessa hits you with a +0 rapier!
You die...

## #####.#
######.....#
#####....).#.>##
###.####.....######.##
. ..........e@# ##..#
... #...##.$##r##
#..##
....#...#...##..#
###.## ..#...#.#.##
#.####...# .... ...#.#
##.##...### ..#.#
##..###..##.### .##!#
#..†..#.##..#
###.###..##......##
>...#...#####.####


You could see Duvessa and a quokka.

Vanquished Creatures
  An orc priest (D:3)
  Natasha (twice) (D:3)
  An orc wizard (D:3)
  A gnoll (D:3)
  An adder (D:4)
  3 worms
  3 dart slugs
  6 orcs
  4 ball pythons
  5 bats
  6 endoplasms
  6 giant cockroaches
  5 goblins
  10 hobgoblins
  5 jackals (D:1)
  5 quokkas
  2 frilled lizards
  8 kobolds
  4 rats (D:1)
78 creatures vanquished.

Notes
Turn   | Place    | Note
-------+----------+-------------------------------------------
     0 | D:1      | PaiMei the Gargoyle Earth Elementalist began the quest for
                  | the Orb.
     0 | D:1      | Reached XP level 1. HP: 10/10 MP: 3/3
   164 | D:1      | Reached skill level 1 in Transmutations
   164 | D:1      | Reached XP level 2. HP: 9/15 MP: 5/5
   516 | D:1      | Reached skill level 4 in Earth Magic
   516 | D:1      | Reached XP level 3. HP: 18/20 MP: 6/6
   751 | D:1      | Reached skill level 1 in Armour
   981 | D:2      | Reached skill level 1 in Fighting
  1129 | D:2      | Found a faded altar of an unknown god.
  1433 | D:2      | Reached XP level 4. HP: 24/25 MP: 7/7
  1757 | D:3      | Noticed Natasha
  2107 | D:3      | Reached XP level 5. HP: 22/30 MP: 6/9
  2423 | D:3      | Killed Natasha
  2781 | D:4      | Noticed Duvessa
  2783 | D:4      | Noticed Dowan
  2961 | D:3      | Noticed Natasha
  2971 | D:3      | Killed Natasha
  2972 | D:3      | Reached skill level 5 in Earth Magic
  2972 | D:3      | Reached XP level 6. HP: 24/36 MP: 6/10
  3050 | D:4      | Identified the ring "Uploprow" {Fly rPois Str+5 Dex-4}
  3141 | D:4      | Slain by Duvessa

Illustrated notes

Levels and vault maps discovered:
D:1:      dpeg_arrival_tiny_a, layout_loops_cross
D:2:      layout_basic, shapermc_ecumenical_altar_starsandcircs,
          nrook_mini_vaults
D:3:      layout_loops_cross, uniq_natasha
D:4:      minmay_chambers_of_twos, layout_rooms, okawaru_gym_becter,
          minmay_temple_entry_poolview, serial_shops, shop, uniq_duvessa

Skill      XL: |  1  2  3  4  5 |
---------------+----------------+-----
Transmutations | 1 |  1.0
Earth Magic    | 4 5 |  5.0
Armour         | 1 2 |  2.5
Fighting       | 1 2 |  2.6
Spellcasting   | 3 |  3.2
Dodging        | |  1.7
Stealth        | |  2.3

Action                     |  1- 3 |  4- 6 || total
---------------------------+-------+-------++-------
  Melee: Unarmed           |    13 |       ||    13
         Mace              |   115 |   114 ||   229
         Punch             |     1 |     1 ||     2
   Cast: Sandblast         |     8 |    25 ||    33
   Stab: Sleeping          |     4 |     4 ||     8
 Armour: Robe              |    41 |       ||    41
         Leather armour    |     6 |    80 ||    86
  Dodge: Dodged            |   111 |    90 ||   201
